 Dungeon Crawl Stone Soup version 0.30.0-29-ga12c61a403 (webtiles) character file.

Game seed: 11857217279703737280

23 qw the Shield-Bearer (level 3, -2/23 HPs)
             Began as a Gargoyle Fighter on June 2, 2023.
             Slain by Terence
             ... wielding a +0 flail
              (4 damage)
             ... on level 1 of the Dungeon.
             The game lasted 00:00:23 (604 turns).

qw the Shield-Bearer (Gargoyle Fighter)              Turns: 604, Time: 00:00:23

Health: -2/23      AC: 11    Str: 18 (21) XL:     3   Next: 0%
Magic:  3/3        EV:  9    Int:  6 (8)  God:
Gold:   52         SH:  4    Dex:  6 (9)  Spells: 2/2 levels left

rFire   . . .        Y - +0 war axe
rCold   . . .        c - +0 buckler
rNeg    + . .        b - +0 scale mail
rPois   inf          (no helmet)
rElec   +            (no cloak)
rCorr   .            (no gloves)
SInv    .            k - +0 pair of boots
Will    .....        (no amulet) Stlth
                     (no ring)
HPRegen 0.23/turn    (no ring)
MPRegen 0.08/turn

%: no passive effects
@: no status effects
A: sickness immunity, AC +3, negative energy resistance 1, electricity
resistance, torment resistance 1, petrification resistance
a: no special abilities


You were on level 1 of the Dungeon.
You visited 1 branch of the dungeon, and saw 2 of its levels.

You collected 52 gold pieces.


Innate Abilities, Weirdness & Mutations

You are immune to sickness and miasma.
Your stone body is resilient. (AC +3)
You are immune to poison.
You resist negative energy. (rN+)
You are resistant to electric shocks. (rElec)
You are resistant to unholy torment.
You are immune to petrification.


   Skills:
 - Level 3.2 Fighting
 + Level 3.0 Axes
 - Level 3.2 Armour
 - Level 3.2 Shields


You had 2 spell levels left.
You didn't know any spells.
Your spell library was empty.

Inventory:

Hand Weapons
 g - a +0 club
 Y - a +0 war axe (weapon)
Armour
 b - a +0 scale mail (worn)
 c - a +0 buckler (worn)
 k - a +0 pair of boots (worn)
Potions
 d - 3 potions of might
 e - a potion of resistance {unknown}

Dungeon Overview and Level Annotations

Branches:
Dungeon (2/15)

Altars:

Annotations:
D:1 Terence


Message History

The quokka completely misses you. Terence barely misses you.
The quokka barely misses you.
You barely miss the quokka.
The quokka is severely wounded.
You hit Terence. The quokka barely misses you. You block Terence's attack.
You miss the quokka.
The quokka is severely wounded.
You closely miss Terence. The quokka bites you.
Terence hits you but does no damage. The quokka bites you.
598 ||| STAIRDANCE Terence hits you but does no damage.
The quokka barely misses you.
You climb upwards.
There is a stone staircase leading down here.
You closely miss the quokka.
The quokka is severely wounded.
You hit Terence but do no damage.
The quokka bites you but does no damage.
Terence hits you with a +0 flail. The quokka bites you.
Terence hits you but does no damage.
You closely miss the quokka.
The quokka is severely wounded.
You barely miss Terence. The quokka bites you.
Terence hits you but does no damage.
You hit the quokka.
You kill the quokka!
You hit Terence. Terence hits you with a +0 flail.
You have reached level 3!
Your experience leads to an increase in your attributes!
Your base attributes are Str 19, Int 8, Dex 9.
Increase (S)trength, (I)ntelligence, or (D)exterity?
You feel stronger. x2
You closely miss Terence.
Terence is lightly wounded.
Terence hits you but does no damage. Terence hits you with a +0 flail.
You completely miss Terence.
Terence is lightly wounded.
Terence hits you with a +0 flail.
You die...

#......................###...
##################.....#.)...
#.....#.%..( ######
#........### #....#
#........#.. #########....#
#........#.. ##¤¤¤.¤.##....#
###.###..... ##¤¤¤¤....#...@#
#.# #..... #¤¤¤¤¤........@#####
#.###.....
#¤¤¤¤..............###.##...#..
#.¤¤¤........%.###..##.##...#>.
#...¤..........# ##.........###
#...(¤.........# #.[....#.....
##.............####......#.....
##........###............###...
#..........####......#..##.....
#..........# #.........#...#..


You could see Terence.

Vanquished Creatures
  2 dart slugs (D:1)
  2 endoplasms (D:1)
  A hobgoblin (D:2)
  A kobold (D:1)
  3 quokkas (D:1)
  2 ball pythons (D:1)
  3 bats (D:1)
  A frilled lizard (D:1)
  A goblin (D:1)
  3 rats (D:1)
19 creatures vanquished.

Notes
Turn   | Place    | Note
-------+----------+-------------------------------------------
     0 | D:1      | qw the Gargoyle Fighter began the quest for the Orb.
     0 | D:1      | Reached XP level 1. HP: 14/14 MP: 1/1
     0 | D:1      | 0 ||| qw: Version: 0.2-a-102-gdf20003
     0 | D:1      | 0 ||| qw: Game counter: 934
     0 | D:1      | 0 ||| qw: Always use a shield: true
     0 | D:1      | 0 ||| qw: God list: Okawaru
     0 | D:1      | 0 ||| qw: Allow faded altars: false
     0 | D:1      | 0 ||| qw: Do Orc after D:15 true
     0 | D:1      | 0 ||| qw: Do second Lair branch before Depths: true
     0 | D:1      | 0 ||| qw: Lair rune preference: random
     0 | D:1      | 0 ||| qw: Plans: Normal, Zot:1-4, Slime:5, God:TSO, Crypt,
                  | Tomb, Pan, Hells, Abyss, Win
     0 | D:1      | 0 ||| PLANNING D:1-11
    45 | D:1      | 45 ||| Stepping ~*~*~tactically~*~*~ (stealth).
    72 | D:1      | Reached XP level 2. HP: 19/19 MP: 2/2
   318 | D:1      | 318 ||| Stepping ~*~*~tactically~*~*~ (hiding).
   454 | D:1      | 454 ||| Stepping ~*~*~tactically~*~*~ (stealth).
   455 | D:1      | 455 ||| Stepping ~*~*~tactically~*~*~ (stealth).
   459 | D:1      | 459 ||| Stepping ~*~*~tactically~*~*~ (stealth).
   480 | D:1      | Reached skill level 3 in Axes
   561 | D:1      | 561 ||| UPGRADING to +0 pair of boots.
   566 | D:1      | 566 ||| READING scroll labelled CYNTUSOKUIT.
   567 | D:1      | 567 ||| READING scroll labelled MAPLAE WADEGI.
   568 | D:1      | 568 ||| READING scroll labelled FIB TEG XOGHIO.
   569 | D:1      | 569 ||| DRINKING 2 sedimented silvery potions.
   570 | D:1      | 570 ||| DROPPING potion of degeneration.
   590 | D:2      | Noticed Terence
   598 | D:2      | 598 ||| STAIRDANCE
   603 | D:1      | Reached XP level 3. HP: 6/23 MP: 3/3
   603 | D:1      | HP: 2/23 [Terence/+0 flail (4)]
   604 | D:1      | Slain by Terence

Levels and vault maps discovered:
D:1:      minmay_arrival_open_corners, layout_rooms, item_on_display_a
D:2:      minmay_inner_zag, layout_rooms, ebering_ecumenical_altar_sacrificial,
          serial_forest, infiniplex_forest_clump_C,
          infiniplex_forest_straight_4, infiniplex_forest_clump_medium,
          infiniplex_forest_clump_diagonal, infiniplex_forest_clump_small,
          infiniplex_forest_clump_small, infiniplex_forest_zigzag_2,
          minmay_rat_hole, uniq_terence

Skill      XL: |  1  2 |
---------------+-------+-----
Axes           | 2 3 |  3.0
Fighting       | |  3.2
Armour         | |  3.2
Shields        | |  3.2

Action                     || total
---------------------------++-------
  Melee: War axe           ||    56
    Use: Scroll            ||     3
         Potion            ||     1
 Armour: Scale mail        ||    27
  Dodge: Dodged            ||    24
  Block: Buckler           ||    11

Table legend:
 A = Non-vault XP
 B = Vault XP
 C = Vault XP percentage of total XP
 D = Non-vault monster count
 E = Vault monster count
 F = Vault count percentage of total count
                 A         B        C        D         E       F
            +---------+---------+-------+---------+---------+-------
      Total |      34 |       0 |   0.0 |      19 |       0 |   0.0
            +---------+---------+-------+---------+---------+-------
        D:1 |      32 |       0 |   0.0 |      18 |       0 |   0.0
        D:2 |       2 |       0 |   0.0 |       1 |       0 |   0.0
            +---------+---------+-------+---------+---------+-------
